 Dungeon Crawl Stone Soup version 0.32-a0-132-g2d33c3cfaf (webtiles) character file.

Game seed: 11998133323235320939

240 Esekla the Covert (level 6, -2/43 HPs)
             Began as an Octopode Delver on Feb 9, 2024.
             Slain by an orc warrior
             ... wielding a +0 halberd
              (9 damage)
             ... on level 6 of the Dungeon.
             The game lasted 00:11:16 (1276 turns).

Esekla the Covert (Octopode Delver)                 Turns: 1276, Time: 00:11:17

Health: -2/43      AC:  1    Str: 12    XL:     6   Next: 8%
Magic:  8/8        EV: 13    Int: 14    God:
Gold:   40         SH:  0    Dex: 13    Spells: 8/8 levels left

rFire   . . .        a - +0 falchion
rCold   . . .        (no shield)
rNeg    . . .        (helmet restricted)
rPois   .            (no amulet)
rElec   .            (no ring)
rCorr   .            (no ring)
SInv    .            (no ring)
Will    .....        (no ring)
Stlth   ++++++       (no ring)
HPRegen 0.27/turn    (no ring)
MPRegen 0.11/turn    (no ring)
                     (no ring)

%: no passive effects
@: mighty
A: almost no armour, amphibious, 8 rings, camouflage 1, gelatinous body 1,
nimble swimmer 1, tentacles
a: no special abilities


You were on level 6 of the Dungeon.
You visited 1 branch of the dungeon, and saw 2 of its levels.
You also visited: Sewer.

You collected 40 gold pieces.

Inventory:

Hand Weapons
 a - a +0 falchion (weapon)
Missiles
 j - 12 poisoned darts (quivered)
Wands
 f - a wand of digging (3)
Scrolls
 b - 2 scrolls of fog
 c - 2 scrolls of teleportation {unknown}
 d - a scroll of fear
 i - a scroll of amnesia {unknown}
Potions
 e - 3 potions of haste
 h - a potion of brilliance {unknown}
 k - a potion of invisibility {unknown}
 l - a potion of magic
 m - a potion of might
 n - a potion of degeneration {unknown}
 o - a potion of resistance {unknown}
 p - a potion of ambrosia {unknown}


   Skills:
 * Level 4.1 Fighting
 + Level 2.5 Long Blades
 * Level 3.0 Dodging
 + Level 8.2 Stealth
 * Level 1.7 Spellcasting


You had 8 spell levels left.
You didn't know any spells.
Your spell library was empty.

Dungeon Overview and Level Annotations

Branches:
Dungeon (6/15)              Sewer (visited)
 Temple: D:4-7

Altars:

Shops:
D:5 :   D:6 [

Annotations:
D:5 Prince Ribbit


Innate Abilities, Weirdness & Mutations

You cannot wear most types of armour.
You are amphibious.
You can wear up to eight rings at the same time.
Your skin changes colour to match your surroundings (Stealth+).
Your rubbery body absorbs attacks. (AC +1, EV +1)
You are camouflaged when in or above water. (Stealth+)
You have tentacles for arms and can constrict up to eight enemies at once.


Message History

You barely miss the orc warrior. You grab the orc warrior.
The orc warrior is lightly wounded.
You constrict the orc warrior, but do no damage.
The gnoll hits you with a +0 spear!
The orc warrior hits you with a +0 halberd!!
* * * LOW HITPOINT WARNING * * *
You feel much better.
You constrict the orc warrior, but do no damage.
The gnoll barely misses you. The orc warrior completely misses you.
Okay, then.
You feel very mighty all of a sudden.
You constrict the orc warrior. The gnoll hits you with a +0 spear.
The orc warrior barely misses you.
You hit the gnoll. You grab the gnoll. You squeeze the gnoll!
You kill the gnoll!
You hear a splash.
You constrict the orc warrior.
The orc warrior looks more healthy.
The orc warrior hits you with a +0 halberd.
You hit the orc warrior.
The orc warrior is heavily wounded.
You constrict the orc warrior.
The orc throws a boomerang.
The boomerang misses you.
The orc warrior hits you with a +0 halberd!
* * * LOW HITPOINT WARNING * * *
You hit the orc warrior.
You squeeze the orc warrior, but do no damage.
The orc warrior is severely wounded.
You constrict the orc warrior, but do no damage.
The orc throws a boomerang.
The boomerang hits you.
* * * LOW HITPOINT WARNING * * *
The orc warrior splashes around in the water.
The orc throws a boomerang.
The boomerang hits you but does no damage.
The orc shouts!
You hit the orc warrior.
The orc warrior is severely wounded.
You constrict the orc warrior, but do no damage.
The orc warrior misses you.
The orc warrior hits you with a +0 halberd!
You die...

##.# ## ### ##'######.#
#<# #.........###.####
#................#######
#.........######.......##
#.........#######.####..#
#............[..........#
#.........##..####.###..#
##'######.#.'##o@###~#..#
#....o.g...#o~o)~~'~#..#
#..#######.#~(~))~'.#..#
#..# #.'##~~###~#..# #..#
##..####.###.## #g.#
##..........# ##..#
#..######### .#.o# ##.##
.#o.#######.^.#


You could see an orc warrior and 2 orcs.

Vanquished Creatures
  A kobold brigand (D:6)
  A brain worm (Sewer)
  A hound (D:6)
  An adder (D:6)
  3 gnolls (D:6)
  5 ball pythons (Sewer)
  An endoplasm (Sewer)
  A giant cockroach (D:6)
  A quokka (D:6)
  A bat (Sewer)
  A frilled lizard (Sewer)
  18 kobolds
  A rat (Sewer)
36 creatures vanquished.

Notes
Turn   | Place    | Note
-------+----------+-------------------------------------------
     0 | D:5      | Esekla the Octopode Delver began the quest for the Orb.
     0 | D:5      | Reached XP level 1. HP: 16/16 MP: 1/1
     0 | D:5      | Noticed Prince Ribbit
    13 | D:5      | Noticed a scorpion
    20 | D:5      | Found Hisops's Self-Published Books.
    43 | D:5      | Noticed an iguana
    81 | D:6      | Reached XP level 2. HP: 20/21 MP: 2/2
   220 | D:6      | Found a glowing drain.
   225 | D:6      | Reached skill level 7 in Stealth
   235 | D:6      | Reached XP level 3. HP: 13/26 MP: 2/4
   306 | Sewer    | Entered a sewer
   356 | Sewer    | Noticed a brain worm
   447 | Sewer    | Killed a brain worm
   448 | Sewer    | Reached skill level 1 in Spellcasting
   448 | Sewer    | Reached XP level 4. HP: 22/32 MP: 3/5
   647 | Sewer    | Reached XP level 5. HP: 24/37 MP: 6/6
   811 | D:6      | Found Ytweul's Antique Armour Shop.
   811 | D:6      | Noticed an ice beast
   875 | D:6      | Noticed a kobold brigand
   948 | D:6      | Killed a kobold brigand
   949 | D:6      | Reached skill level 8 in Stealth
   954 | D:6      | Reached XP level 6. HP: 10/43 MP: 8/8
  1226 | D:6      | Noticed an orc warrior
  1276 | D:6      | Slain by an orc warrior

Illustrated notes

Levels and vault maps discovered:
D:5:      layout_layer_cave, nicolae_custom_books, uniq_prince_ribbit1
D:6:      layout_basic, gup_sewer_entry_bowl, serial_shops, shop,
          grunt_decor_arrowhead

Skill      XL: |  1  2  3  4  5 |
---------------+----------------+-----
Stealth        | 7 8 |  8.2
Spellcasting   | 1 |  1.7
Fighting       | 4 |  4.1
Dodging        | 3 |  3.0
Long Blades    | |  2.5

Action                     |  1- 3 |  4- 6 || total
---------------------------+-------+-------++-------
  Melee: Falchion          |    33 |    50 ||    83
         Constrict         |     9 |    19 ||    28
         Tentacles         |     6 |    12 ||    18
         Punch             |       |     2 ||     2
  Throw: Dart              |       |     3 ||     3
    Use: Scroll            |     1 |       ||     1
         Potion            |       |     5 ||     5
   Stab: Sleeping          |     2 |     1 ||     3
 Armour: Skin              |    14 |    38 ||    52
  Dodge: Dodged            |    22 |    42 ||    64

Table legend: (Time is in decaauts)
 A = Elapsed time spent in this place.
 B = Non-inter-level travel time spent in this place.
 C = Inter-level travel time spent in this place.
 D = Time resting spent in this place.
 E = Time spent auto-exploring this place.
 F = Levels seen in this place.
 G = Mean time per level.
                   A        B        C        D        E       F      G
               +--------+--------+--------+--------+--------+-----+--------+
         Total |   1291 |   1291 |      0 |    221 |     53 |   3 |  430.3 |
       Dungeon |    836 |    836 |      0 |    169 |      7 |   2 |  418.0 |
         Sewer |    455 |    455 |      0 |     52 |     46 |   1 |  455.0 |
               +--------+--------+--------+--------+--------+-----+--------+

Top non-repeatable levels by time:
     D:6: 780 daAuts
   Sewer: 455 daAuts
     D:5: 56 daAuts
